Map: Catalyst LE

Players

Stephano

  • Race: Zerg Zerg
  • League: Grandmaster
  • Spawn Location: 11:00

MMA - Winner!

  • Race: Terran Terran
  • League: Diamond
  • Spawn Location: 5:00

Event: HomeStory Cup XVI

VOD

Have the link to the VOD?

Description

Time

  • Played on: Nov. 9, 2017, 9:42 a.m.
  • Length: 15:27

All games in this series

Show
View Real Time Build Order
Export as new Build Order

Stephano Zerg 

Build Orders: Hatch First, Swarm Host 

Get SALT Encoding   

  12  0:01  Drone  
  13  0:12  Overlord  
  13  0:17  Drone  
  14  0:31  Drone x2  
  14  0:34  Drone  
  17  0:52  Hatchery  
  17  0:54  Drone  
  17  0:58  Drone  
  18  1:09  Extractor  
  17  1:13  Spawning Pool  
  17  1:16  Drone  
  17  1:19  Drone  
  18  1:29  Drone  
  19  1:39  Overlord  
  19  1:50  Drone  
  20  1:59  Queen  
  20  2:00  Zergling x2  
  23  2:03  Queen  
  23  2:04  Zergling x2  
  26  2:21  Hatchery  
  25  2:23  Drone  
  25  2:25  Drone  
  25  2:26  Drone  
  28  2:31  Drone  
  29  2:37  Queen  
  29  2:41  Drone  
  32  2:45  Drone  
  32  2:48  Metabolic Boost  
  33  2:53  Overlord  
  33  2:55  Drone  
  33  2:58  Drone  
  35  3:01  Drone  
  36  3:12  Drone x3  
  39  3:14  Drone x2  
  39  3:15  Drone x2  
  39  3:19  Extractor  
  42  3:21  Overlord  
  42  3:27  Roach Warren  
  42  3:28  Zergling x2  
  42  3:29  Zergling x2  
  43  3:35  Overlord, Drone  
  43  3:48  Drone x2  
  43  3:49  Drone  
  43  3:51  Overlord  
  46  4:01  Zergling x6  
  49  4:05  Overlord  
  49  4:11  Roach x6  
  49  4:16  Roach x2  
  65  4:18  Roach  
  65  4:21  Roach  
  69  4:25  Overlord  
  69  4:29  Zergling x6  
  73  4:31  Zergling x2  
  73  4:34  Overlord  
  73  4:38  Zergling x2  
  74  4:47  Zergling x10  
  74  4:50  Zergling x6  
  81  4:56  Evolution Chamber x2, Zergling x2  
  81  4:58  Zergling x4  
  80  5:07  Zergling x2  
  80  5:08  Zergling x8  
  85  5:19  Drone x2  
  85  5:22  Drone x3  
  85  5:23  Drone x2  
  85  5:25  Overlord  
  90  5:34  Drone x2  
  87  5:36  Drone  
  87  5:37  Drone x2  
  87  5:39  Drone x4  
  81  5:43  Drone  
  81  5:46  Drone  
  77  5:50  Zerg Missile Weapons Level 1, Zerg Ground Armor Level 1  
  77  5:55  Drone x2  
  77  5:56  Drone  
  80  6:02  Extractor  
  80  6:03  Baneling Nest, Drone x4  
  82  6:09  Queen  
  84  6:11  Queen  
  84  6:18  Extractor, Lair  
  85  6:22  Spore Crawler  
  85  6:24  Spore Crawler  
  85  6:25  Extractor, Spore Crawler  
  82  6:26  Extractor  
  82  6:27  Drone  
  82  6:28  Drone x3  
  82  6:29  Drone  
  82  6:31  Drone x2  
  87  6:33  Overlord  
  86  6:43  Overlord  
  86  6:44  Overlord  
  86  6:51  Queen  
  88  6:54  Baneling x4  
  88  6:55  Baneling x3  
  88  6:56  Zergling x2  
  88  6:57  Overlord x2  
  88  7:00  Overlord  
  89  7:09  Zergling x4  
  89  7:10  Zergling x14  
  98  7:22  Zergling x18  
  103  7:28  Zergling x4  
  97  7:31  Baneling x2  
  97  7:32  Baneling x2  
  97  7:34  Zergling x6  
  97  7:35  Drone  
  97  7:37  Drone  
  100  7:39  Drone  
  100  7:42  Baneling  
  100  7:43  Baneling x2, Drone  
  102  7:48  Drone x2  
  99  7:55  Drone  
  99  7:57  Drone  
  99  7:58  Zerg Missile Weapons Level 2, Zerg Ground Armor Level 2  
  99  8:01  Hydralisk Den  
  99  8:02  Drone  
  99  8:05  Hatchery  
  98  8:06  Drone x2  
  98  8:11  Drone x4  
  102  8:16  Queen  
  102  8:19  Overlord  
  104  8:31  Hydralisk x6  
  104  8:33  Muscular Augments  
  116  8:38  Hydralisk  
  116  8:39  Hydralisk x5  
  128  8:43  Hydralisk  
  128  8:47  Overlord x2  
  130  8:49  Centrifical Hooks  
  127  9:04  Zergling x10  
  127  9:05  Zergling x4  
  127  9:09  Zergling x2  
  124  9:10  Zergling x8  
  123  9:18  Hydralisk x5  
  133  9:25  Hydralisk x3  
  133  9:27  Hydralisk  
  141  9:35  Overlord x2  
  141  9:50  Evolution Chamber  
  135  9:59  Drone x2  
  135  10:00  Zergling x20  
  135  10:07  Overlord  
  141  10:08  Zergling x10  
  141  10:09  Zergling x2  
  147  10:17  Zergling x10  
  147  10:18  Zergling x4  
  147  10:20  Baneling x13  
  154  10:22  Zergling x8  
  154  10:27  Baneling x16  
  154  10:28  Baneling  
  158  10:30  Zergling x2  
  158  10:31  Zergling x4  
  161  10:37  Zergling x10  
  161  10:40  Spine Crawler  
  166  10:42  Zergling x2  
  166  10:43  Zergling x6  
  168  10:53  Zergling x12  
  162  11:12  Zergling x14  
  162  11:15  Zergling x10  
  162  11:18  Zergling x8  
  128  11:27  Zergling x6  
  128  11:31  Hydralisk x3  
  116  11:37  Drone x2  
  116  11:38  Drone x5  
  121  11:46  Infestation Pit  
  120  11:47  Spine Crawler  
  120  11:52  Hydralisk x4  
  120  11:54  Hydralisk  
  127  11:56  Hydralisk  
  127  12:01  Hatchery  
  130  12:08  Drone  
  130  12:10  Drone x9  
  140  12:26  Swarm Host x6  
  156  12:32  Hive  
  156  12:33  Swarm Host  
  157  12:46  Swarm Host x4  
  169  12:54  Spine Crawler x2  
  167  13:03  Swarm Host x2  
  173  13:05  Overlord  
  173  13:06  Overlord  
  173  13:09  Overlord  
  166  13:30  Drone  
  166  13:31  Drone x4  
  166  13:33  Drone  
  163  13:38  Swarm Host x2  
  163  13:39  Swarm Host x3  
  163  13:40  Drone x3  
  168  13:41  Drone  
  168  13:43  Drone x3  
  168  13:46  Extractor x2  
  167  13:50  Spore Crawler  
  162  13:57  Drone x3  
  164  14:06  Overlord  
  163  14:12  Viper x4  
  163  14:13  Hydralisk x2  
  179  14:17  Baneling x4  
  171  14:33  Hydralisk  
  171  14:34  Hydralisk x5  
  175  14:54  Hydralisk x8  
Show
View Real Time Build Order
Export as new Build Order

MMA Terran - Winner!

Build Orders: Command Center First (CC) 

Get SALT Encoding   

  12  0:00  SCV  
  13  0:13  SCV  
  14  0:17  Supply Depot  
  14  0:25  SCV  
  15  0:39  SCV  
  16  0:51  SCV  
  17  0:59  Command Center  
  17  1:03  SCV  
  18  1:13  Barracks  
  18  1:15  SCV  
  19  1:21  Refinery  
  19  1:27  SCV  
  19  1:29  Refinery  
  20  1:39  SCV  
  22  1:59  Reaper, Orbital Command  
  22  2:10  Orbital Command  
  22  2:18  Factory  
  22  2:25  SCV  
  23  2:31  Barracks Reactor  
  23  2:36  SCV  
  24  2:37  SCV  
  25  2:48  SCV  
  25  2:49  SCV  
  27  2:53  Command Center  
  27  3:00  SCV  
  27  3:01  SCV  
  27  3:05  Starport  
  29  3:12  Hellion x2  
  33  3:15  SCV x2  
  35  3:20  Supply Depot  
  35  3:22  Barracks Tech Lab  
  36  3:27  SCV  
  36  3:29  SCV  
  37  3:39  SCV  
  38  3:42  SCV, Hellion x2  
  38  3:47  Viking  
  45  3:51  SCV  
  46  3:56  Supply Depot  
  46  4:04  Refinery, SCV x2  
  46  4:06  Hellion  
  46  4:08  Hellion  
  52  4:12  Orbital Command  
  52  4:14  Refinery  
  52  4:17  SCV x2  
  56  4:29  SCV x2  
  58  4:37  Cyclone x2  
  64  4:39  Raven  
  64  4:41  SCV x2  
  64  4:43  Supply Depot  
  64  4:44  Supply Depot  
  66  4:47  Armory  
  66  4:49  Armory  
  66  4:50  SCV  
  63  4:53  SCV  
  61  5:01  SCV  
  61  5:02  SCV  
  61  5:06  SCV  
  64  5:09  Cyclone x2  
  64  5:13  SCV  
  68  5:14  SCV  
  68  5:16  Supply Depot  
  68  5:18  SCV  
  70  5:23  Banshee  
  70  5:25  SCV  
  75  5:28  SCV  
  75  5:30  SCV  
  74  5:38  SCV  
  74  5:40  SCV  
  74  5:41  Hellion x2  
  72  5:46  SCV  
  71  5:51  SCV  
  71  5:52  SCV  
  71  5:56  Terran Vehicle Weapons Level 1  
  73  5:57  Terran Vehicle And Ship Armor Level 1  
  73  5:58  SCV  
  73  6:03  Hellion x2, SCV  
  79  6:08  Orbital Command  
  79  6:12  Supply Depot  
  79  6:13  Supply Depot x2  
  79  6:14  SCV  
  79  6:15  SCV  
  81  6:23  Barracks Tech Lab  
  81  6:24  Starport Reactor  
  81  6:26  Factory, SCV  
  81  6:27  SCV  
  81  6:28  Factory  
  83  6:35  SCV  
  83  6:38  SCV  
  85  6:42  Hellion x2  
  85  6:43  SCV  
  90  6:47  SCV  
  90  6:48  Refinery  
  90  6:50  SCV  
  90  6:52  Refinery  
  92  6:55  SCV  
  92  6:59  SCV  
  94  7:02  SCV  
  94  7:03  Supply Depot, Hellion x2  
  94  7:04  Supply Depot  
  94  7:07  SCV  
  100  7:09  Factory  
  100  7:11  SCV  
  100  7:12  Factory  
  100  7:14  SCV  
  100  7:19  SCV  
  101  7:24  SCV  
  101  7:26  Hellion x2, SCV  
  101  7:31  SCV  
  101  7:36  Thor, SCV  
  109  7:39  SCV  
  109  7:41  Thor  
  109  7:42  Medivac x2  
  109  7:43  SCV  
  121  7:48  SCV  
  121  7:51  SCV  
  120  7:52  Supply Depot  
  120  7:53  Supply Depot  
  120  7:54  Supply Depot  
  120  7:55  SCV  
  120  7:56  Hellion x2  
  120  7:58  Factory Tech Lab  
  108  7:59  Factory Reactor  
  108  8:00  SCV  
  108  8:03  SCV  
  108  8:04  Supply Depot  
  108  8:05  Infernal Pre-Igniter  
  110  8:07  SCV  
  109  8:19  Supply Depot  
  109  8:21  Command Center  
  109  8:24  Siege Tank x2  
  109  8:26  Siege Tank  
  118  8:29  Hellion x2  
  122  8:39  Terran Vehicle Weapons Level 2  
  122  8:40  Terran Vehicle And Ship Armor Level 2  
  122  8:44  Supply Depot  
  126  8:48  Hellion x2  
  126  8:52  Hellion x2  
  130  8:56  Siege Tank x2  
  126  9:11  Siege Tank  
  126  9:15  Hellion x2  
  117  9:24  Hellion x2  
  121  9:28  Command Center, Siege Tank  
  121  9:29  Command Center  
  121  9:30  Factory  
  124  9:32  Factory x2  
  124  9:37  Hellion  
  126  9:38  Siege Tank  
  126  9:43  Siege Tank  
  126  9:45  Hellion  
  129  9:55  Hellion x2  
  129  10:01  Siege Tank  
  126  10:10  Hellion x2, Siege Tank  
  126  10:12  Engineering Bay  
  133  10:15  Siege Tank  
  133  10:16  Refinery  
  133  10:17  Hellion  
  133  10:19  Refinery  
  138  10:22  Factory Tech Lab x2, Factory Reactor  
  138  10:32  Hellion x2  
  138  10:33  Hellion, Siege Tank  
  147  10:38  Hellion  
  152  10:42  Siege Tank  
  152  10:48  Siege Tank x2  
  152  10:49  Siege Tank  
  161  10:52  Orbital Command  
  161  10:53  Orbital Command  
  161  10:54  Hellion x2  
  161  10:55  Hellion  
  167  10:57  Planetary Fortress  
  167  10:59  Hellion  
  167  11:03  Hellion x2  
  173  11:05  Siege Tank  
  173  11:08  Viking x2  
  180  11:15  Siege Tank  
  144  11:19  Hellion  
  144  11:20  Siege Tank x2  
  124  11:25  SCV  
  124  11:26  SCV  
  124  11:28  Siege Tank  
  124  11:29  Hellion x2  
  124  11:31  Hellion x2  
  107  11:37  Orbital Command, Siege Tank  
  107  11:38  Hellion x2  
  111  11:51  Siege Tank  
  111  11:52  Siege Tank  
  111  11:53  Medivac  
  119  12:00  Hellion x2  
  119  12:01  Hellion x4  
  129  12:04  SCV x3  
  129  12:05  SCV  
  129  12:06  SCV  
  136  12:14  Sensor Tower  
  136  12:16  SCV x3  
  136  12:17  SCV  
  136  12:18  SCV  
  141  12:27  Sensor Tower  
  141  12:28  SCV x3  
  144  12:30  Terran Vehicle Weapons Level 3  
  144  12:31  Refinery x2, Terran Vehicle And Ship Armor Level 3  
  144  12:40  SCV x3  
  147  12:44  Siege Tank  
  147  12:45  Siege Tank  
  147  12:47  Siege Tank  
  156  12:53  Hellion x5  
  156  12:54  Hellion  
  156  12:56  Siege Tank  
  171  13:01  Siege Tank  
  172  13:14  Hellion x4  
  172  13:15  Hellion  
  182  13:22  Command Center  
  182  13:25  Siege Tank x2  
  182  13:26  Hellion x2  
  189  13:36  Hellion  
  189  13:39  Hellion x2  
  189  13:40  Hellion x2, Siege Tank x2  
  177  13:56  Siege Tank  
  177  13:57  Siege Tank  
  177  14:01  Supply Depot  
  179  14:03  Supply Depot x2  
  179  14:04  Supply Depot  
  171  14:10  Hellion x3  
  171  14:11  Hellion  
  179  14:17  Sensor Tower  
  179  14:23  Hellion  
  181  14:30  Siege Tank  
  186  14:31  Hellion  
  186  14:33  Hellion x2  
  186  14:36  Viking x2  
  195  14:53  Siege Tank  
Tags
 
Add a new tag
Caveats
  • Supply blocks, unpowered buildings, or Contaminate may cause inaccurate times.
  • Supply counts are checked every 10 seconds.